 Dungeon Crawl Stone Soup version 0.29.0-10-g45618ea6d2 (webtiles) character file.

Game seed: 145800648541610906

70 Iusername the Trooper (level 4, -7/37 HPs)
             Began as a Palentonga Fighter on Sept 1, 2022.
             Mangled by a gnoll
             ... wielding a +0 halberd
              (9 damage)
             ... on level 3 of the Dungeon.
             The game lasted 00:05:39 (3491 turns).

Iusername the Trooper (Palentonga Fighter)          Turns: 3491, Time: 00:05:41

Health: -7/37      AC: 11    Str: 21    XL:     4   Next: 4%
Magic:  4/4        EV:  3    Int:  9    God:
Gold:   149        SH:  5    Dex: 17    Spells: 3/3 levels left

rFire   . . .      SeeInvis +   a - +0 long sword
rCold   . . .      Faith    .   c - +0 buckler
rNeg    . . .      Spirit   .   m - +0 plate armour
rPois   .          Reflect  .   e - +0 helmet
rElec   .          Harm     .   p - +0 cloak
rCorr   .          Rampage  .   (no gloves)
Will    .....                   (no barding)
Stlth   ..........              (no amulet)
HPRegen 0.12/turn               b - +6 ring of dexterity
MPRegen 0.09/turn               (no ring)

@: mighty
A: large, rugged brown scales 3, see invisible, deformed body, roll 1, armoured
tail
a: Rolling Charge


You were on level 3 of the Dungeon.
You visited 1 branch of the dungeon, and saw 4 of its levels.

You collected 149 gold pieces.

Inventory:

Hand Weapons
 a - a +0 long sword (weapon)
Armour
 c - a +0 buckler (worn)
 e - a +0 helmet (worn)
 m - a +0 plate armour (worn)
 p - a +0 cloak (worn)
Jewellery
 b - a +6 ring of dexterity (left hand)
 n - a ring of protection from cold
Scrolls
 f - 2 scrolls of butterflies {unknown}
 l - 2 scrolls of immolation {unknown}
 o - a scroll of identify
Potions
 d - 2 potions of might
 h - a potion of flight
 i - 2 potions of mutation
 j - a potion of brilliance {unknown}
 k - a potion of resistance {unknown}
 q - a potion of magic {unknown}


   Skills:
 + Level 3.2 Fighting
 + Level 2.8 Long Blades
 + Level 3.1 Armour
 + Level 0.3 Dodging
 + Level 0.1 Stealth
 + Level 3.1 Shields


You had 3 spell levels left.
You didn't know any spells.
Your spell library contained the following spells:

 Spells                   Type           Power      Damage    Failure   Level
 Shock                    Conj/Air       0%         1d3       100%        1
 Static Discharge         Conj/Air       0%         3-3/arc   100%        2
 Swiftness                Air            0%         N/A       100%        3
 Airstrike                Air            0%         2d(0-16)  100%        4
 Lightning Bolt           Conj/Air       0%         1d11      100%        5
 Maxwell's Capacitive Co  Air            0%         ∞         100%        8


Dungeon Overview and Level Annotations

Branches:
Dungeon (4/15)
 Temple: D:4-7

Altars:


Innate Abilities, Weirdness & Mutations

You are completely covered in rugged brown scales. (AC +3, +7% HP)
You have supernaturally acute eyesight. (SInv)
Armour fits poorly on your strangely shaped body.
You can roll at nearby foes to attack.
You have a long armoured tail.


Message History

A gnoll comes into view. It is wielding a +0 club.
A dart slug and a gnoll come into view.
Found a stone staircase leading up.
The gnoll shouts! x2
The gnoll barely misses you.
The gnoll throws a throwing net.
The throwing net barely misses you.
You hit the gnoll.
Your tail-slap misses the gnoll.
The gnoll is heavily wounded.
The gnoll hits you but does no damage. The gnoll barely misses you.
You hit the gnoll.
You tail-slap the gnoll, but do no damage.
The gnoll is severely wounded.
The gnoll hits you with a +0 halberd. The gnoll hits you with a +0 club.
The gnoll hits you but does no damage. The gnoll barely misses you.
The gnoll hits you with a +0 halberd. You block the gnoll's attack.
The gnoll hits you from afar with a +0 halberd!
You are too injured to fight recklessly!
You feel better. The gnoll hits you with a +0 halberd.
The gnoll hits you but does no damage. x2; You block the gnoll's attack.
You feel better. You block the gnoll's attack. x2
The gnoll barely misses you. The gnoll hits you but does no damage.
The gnoll attacks as you move away! The gnoll hits you with a +0 club.
You feel very mighty all of a sudden. The gnoll hits you with a +0 halberd.
The gnoll hits you but does no damage. x2
The gnoll hits you from afar with a +0 halberd!
The gnoll hits you but does no damage. x3; You block the gnoll's attack.
You closely miss the gnoll. The dart slug launches a dart at you.
The slug dart hits you but does no damage.
The gnoll hits you but does no damage. You block the gnoll's attack.
The gnoll hits you from afar with a +0 halberd.
You block the gnoll's attack.
You barely miss the gnoll.
The gnoll hits you from afar with a +0 halberd!
* * * LOW HITPOINT WARNING * * *
You block the gnoll's attack.
The gnoll hits you from afar with a +0 halberd!
* * * LOW HITPOINT WARNING * * *
The gnoll hits you from afar with a +0 halberd!
You die...

#.......#
##...###.## #...#
.# #########
#......#.## ###.#
.# #....#....#
#.# #.......#. .#
# #....####
<..#(...# ##
#......####..###
###.............
..$....!@g.......
###.....w.g......
#.....g.g......
#..............
#..............
#..............
#..............
##.............
##.....#.....


You could see 4 gnolls and a dart slug.

Vanquished Creatures
  A worm (D:2)
  A dart slug (D:2)
  An orc (D:3)
  6 endoplasms
  3 giant cockroaches
  8 goblins
  2 hobgoblins
  11 jackals
  2 quokkas
  7 ball pythons
  3 bats
  3 frilled lizards
  8 rats
56 creatures vanquished.

Notes
Turn   | Place    | Note
-------+----------+-------------------------------------------
     0 | D:1      | Iusername the Palentonga Fighter began the quest for the
                  | Orb.
     0 | D:1      | Reached XP level 1. HP: 19/19 MP: 1/1
   523 | D:1      | Reached XP level 2. HP: 25/25 MP: 2/2
  1498 | D:1      | Reached XP level 3. HP: 30/31 MP: 3/3
  2868 | D:3      | You fall into a shaft and drop 1 floor!
  3014 | D:3      | Found a faded altar of an unknown god.
  3419 | D:3      | Reached XP level 4. HP: 37/37 MP: 4/4
  3429 | D:3      | Identified the +1 ring mail of Sidolu {MP+9}
  3491 | D:3      | Mangled by a gnoll

Illustrated notes

Levels and vault maps discovered:
D:1:      erik_arrival_orb_chamber, layout_basic, minmay_tetromino_i2
D:2:      layout_basic, minivault_25, grunt_decor_fettered
D:3:      layout_rooms, hellmonk_ecumenical_altar_dog_temple,
          chequers_serial_rivers_micro_a
D:4:      layout_gridville, nzn_overflow_gifts_of_might_and_magic,
          minmay_temple_entry_trees, uniq_crazy_yiuf_cottage,
          uniq_blork_the_orc, uniq_eustachio

Skill      XL: |  1  2  3 |
---------------+----------+-----
Shields        | 3 |  3.1
Armour         | 3 |  3.1
Fighting       | |  3.2
Long Blades    | |  2.8
Dodging        | |  0.3
Stealth        | |  0.1

Action                   |  1- 3 |  4- 6 || total
-------------------------+-------+-------++-------
Melee: Long sword        |   137 |    11 ||   148
       Tailslap          |    10 |     2 ||    12
 Abil: Rolling Charge    |     1 |       ||     1
  Use: Scroll            |     3 |       ||     3
       Potion            |       |     3 ||     3
Armor: Scale mail        |    98 |       ||    98
       Plate armour      |    50 |    17 ||    67
Dodge: Dodged            |    68 |     6 ||    74
Block: Buckler           |    44 |     8 ||    52
